 Dungeon Crawl Stone Soup version 0.29-a0-283-ga02f740833 (webtiles) character file.

Game seed: 873060154991174895

129 Pizon the Vexing (level 4, -2/21 HPs)
             Began as a Spriggan Enchanter on Mar 13, 2022.
             Slain by an orc
             ... wielding a +0 hand axe
              (7 damage)
             ... on level 3 of the Dungeon.
             The game lasted 00:05:59 (2679 turns).

Pizon the Vexing (Spriggan Enchanter)               Turns: 2679, Time: 00:06:00

Health: -2/21      AC:  2    Str:  6    XL:     4   Next: 88%
Magic:  7/11       EV: 17    Int: 16    God:
Gold:   127        SH:  0    Dex: 15    Spells: 1/12 levels left

rFire   . . .      SeeInvis +   a - +1 dagger
rCold   . . .      Faith    .   (no shield)
rNeg    . . .      Spirit   .   b - +0 robe
rPois   .          Reflect  .   (helmet restricted)
rElec   .          Harm     .   (no cloak)
rCorr   .          Rampage  .   (gloves unavailable)
Will    .....                   (boots unavailable)
Stlth   +++.......              (no amulet)
HPRegen 0.07/turn               (no ring)
MPRegen 0.12/turn               (no ring)

@: very quick
A: very small, no large weapons, unfitting armour, see invisible, speed 3
a: no special abilities


You were on level 3 of the Dungeon.
You visited 1 branch of the dungeon, and saw 3 of its levels.

You collected 127 gold pieces.

Inventory:

Hand Weapons
 a - a +1 dagger (weapon)
Armour
 b - a +0 robe (worn)
Scrolls
 g - 2 scrolls of teleportation
Potions
 c - 2 potions of invisibility
 d - 3 potions of attraction
 e - 5 potions of curing
 f - a potion of degeneration {unknown}
 h - a potion of flight {unknown}
 i - a potion of lignification {unknown}


   Skills:
 - Level 1.1 Short Blades
 - Level 2.6 Dodging
 - Level 4.4 Stealth
 + Level 4.8 Spellcasting
 + Level 5.4 Hexes


You had one spell level left.
You knew the following spells:

 Your Spells              Type           Power      Damage    Failure   Level
a - Ensorcelled Hibernat  Hex/Ice        24%        N/A       8%          2
b - Tukima's Dance        Hex            21%        N/A       4%          3
c - Dazzling Flash        Conj/Hex       24%        N/A       16%         3
d - Confusing Touch       Hex            21%        N/A       4%          3

Your spell library contained the following spells:

 Spells                   Type           Power      Damage    Failure   Level
 Conjure Flame            Conj/Fire      3%         6-21      43%         3
 Ignite Poison            Fire/Tmut/Pois 3%         N/A       43%         3
 Yara's Violent Unravell  Hex/Tmut       6%         3d5       80%         5
 Passage of Golubria      Tloc           3%         N/A       83%         4
 Sticky Flame             Conj/Fire      3%         2d3       83%         4


Dungeon Overview and Level Annotations

Branches:
Dungeon (3/15)

Altars:
Trog

Shops:
D:2 [

Annotations:
D:3 2 runed translucent doors


Innate Abilities, Weirdness & Mutations

You are very small and have problems with some larger weapons.
You are too small for most types of armour.
You have supernaturally acute eyesight. (SInv)
You cover ground extremely quickly. (Speed+++)


Message History

Your surroundings suddenly seem different. 2 orcs and a frilled lizard come into view.
Found a robe and a book of Rime.
An orc priest comes into view. It is wielding a +0 dagger.
Found a twisted glass wand and 15 gold pieces.
Found a bloodstained altar of Trog.
Found an escape hatch in the floor.
The orc priest shouts!
The orc shouts! x2; The frilled lizard hisses angrily.
You hear a shout!
You hit the orc but do no damage. The orc completely misses you.
The orc hits you with a +0 hand axe.
You hit the orc.
The orc is heavily wounded.
The orc completely misses you. The orc hits you with a +0 hand axe.
Unknown command.
Casting: Ensorcelled Hibernation (safe; 8% risk of failure)
Confirm with . or Enter, or press ? or * to list all spells.
Aiming: Ensorcelled Hibernation (safe; 8% risk of failure)
Press: ? - help, Shift-Dir - straight line, f - orc priest
Aim: an orc priest, wielding a +0 dagger and wearing a +0 chain mail (chance to affect: 46%)
The orc priest resists with some effort.
The orc priest hits you but does no damage.
A kobold comes into view. It is wielding a +0 dagger.
A hobgoblin comes into view.
The orc misses you. The orc hits you with a +0 hand axe.
Casting: Ensorcelled Hibernation (safe; 8% risk of failure)
Confirm with . or Enter, or press ? or * to list all spells.
Aiming: Ensorcelled Hibernation (safe; 8% risk of failure)
Press: ? - help, Shift-Dir - straight line, f/p - orc priest
Aim: an orc priest, wielding a +0 dagger and wearing a +0 chain mail (chance to affect: 46%)
The orc priest resists with some effort.
The kobold shouts!
The orc priest begins to cast a cantrip, but forgets the words!
The orc barely misses you. The orc hits you with a +0 hand axe.
An endoplasm comes into view.
You hit the orc priest but do no damage.
The orc priest begins to cast a cantrip, but forgets the words!
The orc hits you with a +0 hand axe.
* * * LOW HITPOINT WARNING * * *
The orc hits you with a +0 hand axe!
You die...

# . .# $ .###.>
..[########......
................
...#.....#o.###
#####.@ol#
##o#J.g... .:#
.##./ #.## # ..
... ._8 ....


You could see an orc priest, 2 orcs, an endoplasm, a hobgoblin and a frilled
lizard.

Vanquished Creatures
  A scorpion (D:2)
  2 adders (D:2)
  2 worms (D:2)
  3 dart slugs (D:2)
  2 ball pythons (D:1)
  3 bats (D:2)
  4 endoplasms
  A giant cockroach (D:1)
  4 hobgoblins
  2 jackals (D:2)
  5 kobolds
  2 quokkas (D:2)
  4 frilled lizards
  4 goblins
  3 rats
42 creatures vanquished.

Vanquished Creatures (others)
  11 plants (D:1)
11 creatures vanquished.

Grand Total: 53 creatures vanquished

Notes
Turn   | Place    | Note
-------+----------+-------------------------------------------
     0 | D:1      | Pizon the Spriggan Enchanter began the quest for the Orb.
     0 | D:1      | Reached XP level 1. HP: 9/9 MP: 5/5
   292 | D:1      | Reached skill level 4 in Hexes
   298 | D:1      | Reached XP level 2. HP: 13/13 MP: 7/7
   301 | D:1      | Learned a level 2 spell: Ensorcelled Hibernation
  1211 | D:2      | Reached XP level 3. HP: 16/16 MP: 9/9
  1215 | D:2      | Learned a level 3 spell: Tukima's Dance
  1219 | D:2      | Learned a level 3 spell: Confusing Touch
  1357 | D:2      | Found Qeebbe's Antique Armour Shoppe.
  1583 | D:2      | Noticed a scorpion
  1695 | D:2      | Killed a scorpion
  1696 | D:2      | Reached skill level 5 in Hexes
  1696 | D:2      | Reached XP level 4. HP: 21/21 MP: 5/11
  1700 | D:2      | Learned a level 3 spell: Dazzling Flash
  2671 | D:3      | Found a runed translucent gate.
  2672 | D:3      | Found a runed translucent gate.
  2674 | D:3      | Found a bloodstained altar of Trog.
  2679 | D:3      | Slain by an orc

Illustrated notes

Levels and vault maps discovered:
D:1:      dpeg_arrival_rooms_b, layout_rooms, serial_bayou_lake_a
D:2:      layout_basic, serial_shops, nicolae_shop_trees
D:3:      layout_rooms, chequers_temple_overflow_statue_of_worship,
          gammafunk_ghost_necromancy

Skill      XL: |  1  2  3 |
---------------+----------+-----
Spellcasting   | 3 4 |  4.8
Hexes          | 4 5 |  5.4
Short Blades   | |  1.1
Dodging        | |  2.6
Stealth        | |  4.4

Action                   |  1- 3 |  4- 6 || total
-------------------------+-------+-------++-------
Melee: Dagger            |    98 |    31 ||   129
 Cast: Ensorcelled Hiber |    11 |    10 ||    21
  Use: Scroll            |     4 |     1 ||     5
 Stab: Sleeping          |    15 |     6 ||    21
       Distracted        |     1 |       ||     1
Armor: Robe              |     8 |     4 ||    12
Dodge: Dodged            |    72 |    16 ||    88

Table legend: (Time is in decaauts)
 A = Elapsed time spent in this place.
 B = Non-inter-level travel time spent in this place.
 C = Inter-level travel time spent in this place.
 D = Time resting spent in this place.
 E = Time spent auto-exploring this place.
 F = Levels seen in this place.
 G = Mean time per level.
                   A        B        C        D        E       F      G
               +--------+--------+--------+--------+--------+-----+--------+
         Total |   2216 |   2152 |     64 |    569 |   1202 |   3 |  738.7 |
       Dungeon |   2216 |   2152 |     64 |    569 |   1202 |   3 |  738.7 |
               +--------+--------+--------+--------+--------+-----+--------+

Top non-repeatable levels by time:
     D:1: 1077 daAuts
     D:2: 1018 daAuts
     D:3: 120 daAuts
